 Dungeon Crawl Stone Soup version 0.21-a0-401-g0b6bec4 (webtiles) character file.

28 SCCSCCS the Skirmisher (level 2, -1/24 HPs)
             Began as a Demonspawn Fighter on Oct 25, 2017.
             Slain by Crazy Yiuf
             ... wielding a +2 quarterstaff of chaos
              (3 damage)
             ... on level 2 of the Dungeon.
             The game lasted 00:03:39 (1042 turns).

SCCSCCS the Skirmisher (Demonspawn Fighter)         Turns: 1042, Time: 00:03:40

Health: -1/24      AC:  7    Str: 16    XL:     2   Next: 96%
Magic:  2/2        EV:  6    Int: 14    God:
Gold:   71         SH:  8    Dex: 12    Spells: 1/1 levels left

rFire    + . .     SeeInvis .   a - +0 war axe
rCold    . . .     Gourm    .   c - +0 shield
rNeg     . . .     Faith    +   b - +0 scale mail
rPois    .         Spirit   .   l - +0 helmet
rElec    .         Reflect  .   (no cloak)
rCorr    .         Harm     .   (no gloves)
MR       .....                  (no boots)
Stlth    ..........             k - amulet of faith
HPRegen  0.08/turn              (no ring)
MPRegen  0.08/turn              (no ring)

@: brilliant
A: fire resistance 1
a: no special abilities


You were on level 2 of the Dungeon.
You were hungry.

You visited 1 branch of the dungeon, and saw 2 of its levels.

You collected 71 gold pieces.

Inventory:

Hand Weapons
 a - a +0 war axe (weapon)
 i - a +1 dagger of venom
 n - a +0 mace of draining
Armour
 b - a +0 scale mail (worn)
 c - a +0 shield (worn)
 l - a +0 helmet (worn)
Jewellery
 k - an amulet of faith (around neck)
Potions
 d - a potion of might
 e - 3 potions of curing {unknown}
 h - a potion of heal wounds {unknown}
 j - 2 potions of resistance {unknown}
Comestibles
 f - a bread ration
 m - a meat ration


   Skills:
 + Level 3.1 Fighting
 * Level 2.3 Axes
 + Level 2.9 Armour
 * Level 3.1 Shields


You had one spell level left.
You didn't know any spells.

Dungeon Overview and Level Annotations

Branches:
Dungeon (2/15)

Altars:

Annotations:
D:2 Crazy Yiuf


Innate Abilities, Weirdness & Mutations

Your flesh is heat resistant. (rF+)


Message History

Crazy Yiuf shouts!
Found four maces.
There is an open door here.
Sorry, you're not good enough to have a special ability.
You slash Crazy Yiuf!
Crazy Yiuf is heavily wounded.
Crazy Yiuf barely misses you.
Crazy Yiuf hits you with a quarterstaff of chaos!
You hit Crazy Yiuf.
Crazy Yiuf is severely wounded.
Crazy Yiuf hits you with a quarterstaff of chaos!
* * * LOW HITPOINT WARNING * * *
Crazy Yiuf draws strength from your wounds!
Crazy Yiuf cries, "Hah testudinal pontify!"
You aren't carrying any spellbooks or scrolls.
Crazy Yiuf says, "East!
Race tortoise noodlescoop."
It was a potion of brilliance.
You feel clever all of a sudden.
Crazy Yiuf hits you with a quarterstaff of chaos.
You die...

#.#..............# #.
#.#.###########..#####.
#.#.#......#...........
...###.#.#........##..#####.
.........#........##..# #.
...###.#<#........###.######
#.#.#<.....#.#.........
#.#.#.######.#.#.######
#.#.#g@....#.#.#>#
#....##......#.#.#
##..#####....#.#.# #....#
#....#.#.# #....# #....#.#.#
#)..## #...##.#.# ##.##
#...†..# #.## #..(#### ##.#
#####


You could see Crazy Yiuf.

Vanquished Creatures
  3 dart slugs
  4 goblins
  A hobgoblin (D:2)
  2 jackals (D:2)
  4 kobolds (D:1)
  A quokka (D:2)
  A ball python (D:1)
  A bat (D:1)
  2 frilled lizards (D:1)
  2 rats (D:1)
21 creatures vanquished.

Notes
Turn   | Place    | Note
-------+----------+-------------------------------------------
     0 | D:1      | SCCSCCS the Demonspawn Fighter began the quest for the Orb.
     0 | D:1      | Reached XP level 1. HP: 18/18 MP: 1/1
   226 | D:1      | Gained mutation: Your flesh is heat resistant. (rF+) [demonic ancestry]
   226 | D:1      | Reached XP level 2. HP: 21/24 MP: 2/2
  1011 | D:2      | Found a runed door.
  1026 | D:2      | Noticed Crazy Yiuf
  1029 | D:2      | HP: 1/24 [Crazy Yiuf/quarterstaff of chaos (11)]
  1042 | D:2      | Slain by Crazy Yiuf

Vault maps used:
D:1:      lemuel_arrival_lava_pool, serial_forest, infiniplex_forest_straight_5,
          infiniplex_forest_lined_2, infiniplex_forest_corner_1,
          infiniplex_forest_straight_2, infiniplex_forest_lined_corner,
          infiniplex_forest_lined_3_way, infiniplex_forest_zigzag_1,
          minmay_octomino_j4
D:2:      uniq_crazy_yiuf_cottage

Skill      XL: |  1  2 |
---------------+-------+-----
Axes           | 2 |  2.3
Shields        | 3 |  3.1
Fighting       | |  3.1
Armour         | |  2.9

Action                   || total
-------------------------++-------
Melee: War axe           ||    78
  Use: Scroll            ||     4
       Potion            ||     1
Armor: Scale mail        ||    32
Dodge: Dodged            ||    30
Block: Shield            ||    38

Table legend:
 A = Spawn XP
 B = Non-spawn XP
 C = Spawn XP percentage of total XP
 D = Spawn monster count
 E = Non-spawn monster count
 F = Spawn count percentage of total count
 G = Total turns spent on level
                    A         B        C        D         E        F      G
               +---------+---------+-------+---------+---------+-------+---------
         Total |       0 |      40 |   0.0 |       0 |      21 |   0.0 |  1042
               +---------+---------+-------+---------+---------+-------+---------
           D:1 |       0 |      22 |   0.0 |       0 |      14 |   0.0 |   762
           D:2 |       0 |      18 |   0.0 |       0 |       7 |   0.0 |   280
               +---------+---------+-------+---------+---------+-------+---------
